 Dungeon Crawl Stone Soup version 0.18.1-8-gdd0e5ea (webtiles) character file.

60 Gargoyl the Skirmisher (level 3, 0/30 HPs)
             Began as a Demonspawn Abyssal Knight on June 4, 2016.
             Was a Follower of Lugonu.
             Slain by a worker ant (4 damage)
             ... on level 2 of the Dungeon.
             The game lasted 00:02:45 (2077 turns).

Gargoyl the Skirmisher (Demonspawn Abyssal Knight)  Turns: 2077, Time: 00:02:46

Health: 0/30       AC:  3    Str: 13    XL:     3   Next: 80%
Magic:  5/5        EV: 11    Int: 13    God:    Lugonu [*.....]
Gold:   52         SH:  0    Dex: 12    Spells: 0 memorised, 2 levels left

rFire  . . .     SeeInvis .     a - +1 hand axe
rCold  + . .     Gourm    .     b - +0 leather armour
rNeg   . . .     Faith    .     (no shield)
rPois  .         Spirit   .     (no helmet)
rElec  .         Dismiss  .     (no cloak)
rCorr  .         Reflect  .     (no gloves)
SustAt .         Harm     .     (no boots)
MR     .....                    (no amulet)
Stlth  +.........               (no ring)
                                l - ring of protection from cold

@: not resistant to hostile enchantments, very unstealthy
A: rot immunity
a: Depart the Abyss, Renounce Religion


You were on level 2 of the Dungeon.
You worshipped Lugonu.
Lugonu was aware of your devotion.
You were not hungry.

You visited 1 branch of the dungeon, and saw 2 of its levels.
You visited the Abyss 1 time.

You collected 52 gold pieces.

Inventory:

Hand Weapons
 a - a +1 hand axe (weapon)
Missiles
 d - 13 tomahawks (quivered)
Armour
 b - a +0 leather armour (worn)
Jewellery
 l - a ring of protection from cold (left hand)
Scrolls
 g - a scroll of fear {unknown}
 h - 2 scrolls of teleportation {unknown}
 p - a scroll of random uselessness {unknown}
Potions
 e - a potion of curing {unknown}
 f - 2 potions of heal wounds {unknown}
 i - a potion of degeneration {unknown}
 j - a potion of resistance {unknown}
 k - a potion of berserk rage {unknown}
 n - a potion of magic {unknown}
 o - a potion of cancellation {unknown}
Comestibles
 c - a bread ration
 m - a meat ration
 q - a chunk of flesh


   Skills:
 + Level 3.8 Fighting
 + Level 2.1 Axes
 + Level 2.1 Armour
 + Level 1.2 Dodging
 + Level 0.2 Stealth
 + Level 3.1 Invocations


You had 2 spell levels left.
You didn't know any spells.

Dungeon Overview and Level Annotations

Branches:
Dungeon (2/15)

Altars:


Innate Abilities, Weirdness & Mutations

You are immune to rotting.


Message History

You start resting.
The worker ant twitches its antennae in your direction.
You hit the worker ant but do no damage.
The worker ant bites you but does no damage.
The worker ant bites you.
You barely miss the worker ant. The worker ant closely misses you.
You hit the worker ant.
The worker ant is moderately wounded.
The worker ant bites you.
* * * LOW HITPOINT WARNING * * *
The worker ant bites you.
* * * LOW HITPOINT WARNING * * *
You hit the worker ant but do no damage.
The worker ant is moderately wounded.
The worker ant misses you.
You hit the worker ant but do no damage.
The worker ant is moderately wounded.
The worker ant waves its antennae.
The worker ant bites you.
You die...

##########
#......a@#...#.
#.######.#....
#.######.#.#.
#.##.. .....
#.##.# #.#.# .....
#.##.###.#.####...
#.##..............
#....a....### #.#
#########.# #.#


You could see a worker ant.

Vanquished Creatures
  An adder (D:2)
  An ooze (D:1)
  2 dart slugs
  A giant gecko (D:1)
  6 hobgoblins
  7 jackals (D:1)
  4 kobolds
  A quokka (D:1)
  5 bats
  A giant newt (D:2)
  6 goblins
  2 rats
37 creatures vanquished.

Notes
Turn   | Place    | Note
--------------------------------------------------------------
     0 | Abyss:1  | Gargoyl the Demonspawn Abyssal Knight began the quest for the Orb.
     0 | Abyss:1  | Reached XP level 1. HP: 18/18 MP: 2/2
    37 | Abyss:1  | Noticed an apocalypse crab
    38 | Abyss:1  | Noticed a starcursed mass
    40 | D:1      | Escaped the Abyss
   184 | D:1      | Reached * piety under Lugonu
   207 | D:1      | Gained mutation: You are immune to rotting. [demonic ancestry]
   207 | D:1      | Reached XP level 2. HP: 15/24 MP: 4/4
   345 | D:1      | Reached skill level 1 in Dodging
   881 | D:1      | Reached XP level 3. HP: 29/29 MP: 5/5
  2077 | D:2      | Slain by a worker ant

Skill      XL: |  1  2  3 |
---------------+----------+-----
Axes           | 2 |  2.1
Dodging        | 1 |  1.2
Invocations    | 3 |  3.1
Armour         | 2 |  2.1
Fighting       | |  3.8
Stealth        | |  0.2

Action                   || total
-------------------------++-------
Melee: Hand axe          ||   132
Invok: Depart the Abyss  ||     1
  Eat: Chunk             ||     4
Armor: Leather armour    ||    47
Dodge: Dodged            ||   101
